[Event "*** Titled Tuesday Blitz"]
[Site "Chess.com"]
[Date "2021.03.30"]
[Round "11"]
[White "Mr_Sinigami"]
[Black "chessdjw"]
[Result "1-0"]
[WhiteElo "2589"]
[BlackElo "2760"]
[TimeControl "180+1"]
[EndTime "12:09:27 PDT"]
[Termination "Mr_Sinigami won by checkmate"]

1. d4 Nf6 2. Nf3 g6 3. Bf4 Bg7 4. e3 O-O 5. h3 d6 6. Be2 c5 7. O-O Qb6 8. Nbd2 Be6 9. c4 cxd4 10. exd4 Bf5 11. b3 Nc6 12. d5 Nb4 13. Be3 Qc7 14.
Nd4 Bd7 15. a3 Na6 16. b4 e5 17. dxe6 fxe6 18. Rc1 e5 19. Nb5 Qb8 20. Nf3 Bxb5 21. cxb5 Nc7 22. Qxd6 Ncd5 23. Qxb8 Rfxb8 24. Bc4 Kh8 25.
Nxe5 Nxe3 26. fxe3 Bh6 27. Nf7+ Kg7 28. Nxh6 Re8 29.
Ng4 Nxg4 30. Rf7+ Kh6 31. hxg4 Rxe3 32. Rxb7 Rc8 33. Rc2 Rxa3 34. Kh2 Kg5 35. Bd3 Rd8 36. Be2 Rd4 37. Rxh7 Rxb4 38. Rc5+ Kf4 39. Rf7+ Ke4 40. Re7+ Kd4 41. Rg5 Rb2 42. Rxg6 Raa2 43. Rge6 Ra1 44. g5 Rbb1 45. g6 Rh1+ 46. Kg3 Ra3+ 47. Bf3 Rh5 48.
Re4+ Kc5 49. Rg4 Rh8 50. g7 Rg8 51. Rf7 Rd8 52. Rf8 Rd6 53. g8=Q Kb6 54. Rb8+ Ka5 55. b6 a6 56. Qc4 Rxf3+ 57. gxf3 Rg6 58. Qa4# 1-0

[Event "*** Titled Tuesday Blitz"]
[Site "Chess.com"]
[Date "2021.03.30"]
[Round "11"]
[White "Korchmar_Vasiliy"]
[Black "Jumbo"]
[Result "0-1"]
[WhiteElo "2645"]
[BlackElo "2793"]
[TimeControl "180+1"]
[EndTime "12:09:27 PDT"]
[Termination "Jumbo won on time"]

1. d4 d5 2. Nf3 Bf5 3. Bf4 e6 4. e3 Bd6 5. Ne5 Ne7 6. Nd2 f6 7. Nd3 Nd7 8. c4 e5 9. dxe5 fxe5 10. Bg5 c6 11. Qh5+ Bg6 12. Qg4 Nf6 13. Bxf6 gxf6 14. cxd5 cxd5 15. e4 Qa5 16. Qe6 Rd8 17. b4 Qb6 18.
exd5 e4 19. Nc5 Qxb4 20. Nxe4 Be5 21. Bc4 Bxe4 22. O-O Rd6 23. Qg4 Bf5 24. Qh5+ Bg6 25. Qe2 O-O 26. Rab1 Bxb1 27. Rxb1 Qc5 28. Ne4 Qc7 29. Nxd6 Bxd6 30. Qe6+ Kh8 31. Bd3 Ng6 32. g3 Ne5 33. Be4 b6 34. Qf5 Qe7 35. Kg2 Bc5 36. Rc1 Ng6 37. h4 Re8 38. Bd3 Qe5 39. h5 Qxf5 40. Bxf5 Ne5 41. Be6 Rd8 42. Rd1 Nc4 43.
Kf3 Nd6 44. Ke2 Kg7 45. f3 a5 46. g4 a4 47. Kd3 a3 48. Rb1 Ra8 49. Rg1 Ra4 50. Ke2 Rb4 51. Ra1 Rb2+ 52. Kd3 Rf2 0-1

[Event "*** Titled Tuesday Blitz"]
[Site "Chess.com"]
[Date "2021.03.30"]
[Round "11"]
[White "Spriteball"]
[Black "ApoIogiA"]
[Result "1-0"]
[WhiteElo "2343"]
[BlackElo "2183"]
[TimeControl "180+1"]
[EndTime "12:09:29 PDT"]
[Termination "Spriteball won by resignation"]

1. d4 Nf6 2. c4 g6 3. Nc3 d5 4. cxd5 Nxd5 5. e4 Nxc3 6. bxc3 Bg7 7. Nf3 c5 8. Be2 O-O 9. O-O Nc6 10. Be3 Qc7 11.
Rc1 b6 12. d5 Na5 13. Qd2 e5 14. Bh6 Nb7 15. Bxg7 Kxg7 16. Rfd1 Rd8 17. h4 Qe7 18. Qe3 Nd6 19. g3 Bg4 20. Nd2 Bd7 21. Nc4 Ba4 22.
Nxd6 Bxd1 23. Nxf7 Rf8 24. Ng5 Bxe2 25. Ne6+ Kg8 26.
Nxf8 Bg4 27. f3 Bc8 28. Ne6 Bxe6 29. dxe6 Qxe6 30. c4 Rd8 31. h5 Rd4 32. hxg6 hxg6 33. Qg5 Kg7 34. Kg2 Qd6 35. Rc2 Rd1 36. f4 Rd2+ 37. Rxd2 Qxd2+ 38. Kh3 Qd7+ 39. f5 Qf7 40.
Qxg6+ Qxg6 41. fxg6 Kxg6 42. Kg4 a6 43. a4 Kf6 44.
Kh5 b5 45. axb5 axb5 46. cxb5 Ke6 47. Kg4 c4 48. Kf3 Kd6 49. g4 Kc5 50. g5 Kxb5 51.
g6 c3 52. Ke2 Kb4 53. g7 Kb3 54. g8=Q+ Kb2 55. Qb8+ Kc1 56. Qxe5 c2 57. Qc3 Kb1 58. Qxc2+ Kxc2 59. e5 Kc3 60. e6 Kc4 61. e7 Kc5 62. e8=Q Kd6 63. Kd3 Kd5 64. Qh5+ 1-0

[Event "*** Titled Tuesday Blitz"]
[Site "Chess.com"]
[Date "2021.03.30"]
[Round "11"]
[White "Aradhya2000"]
[Black "KaterynaLagno"]
[Result "1-0"]
[WhiteElo "2601"]
[BlackElo "2674"]
[TimeControl "180+1"]
[EndTime "12:09:30 PDT"]
[Termination "Aradhya2000 won by resignation"]

1. d4 Nf6 2. c4 g6 3. g3 Bg7 4. Bg2 O-O 5. Nc3 Nc6 6. e3 d6 7. Nge2 e5 8. O-O exd4 9. Nxd4 Nxd4 10. exd4 c6 11. Re1 Re8 12. Rxe8+ Nxe8 13. Bf4 Qb6 14. Qe2 Bf5 15. d5 cxd5 16. Nxd5 Qxb2 17. Qxb2 Bxb2 18. Re1 Bd3 19. Bf1 Bxf1 20. Kxf1 Bd4 21. Re7 b6 22. Rd7 Bc5 23. Bh6 Bd4 24. h4 Bg7 25. Bf4 h6 26. h5 gxh5 27. Ne7+ Kf8 28. Nf5 Rc8 29. Bxd6+ Nxd6 30. Nxd6 Rc6 31. Rxf7+ Kg8 32. Rd7 Bf8 33. Ne4 Bg7 34. Nd6 Bf8 35. Ne4 Bg7 36. Rxa7 Rxc4 37. Nd6 Rc5 38. a4 Bd4 39. Kg2 Rc2 40. Ne4 Ra2 41.
Kf3 b5 42. Ra8+ Kg7 43. a5 b4 44. Rb8 Ra3+ 45. Kg2 b3 46. Nd2 b2 47. Nc4 Ra1 48.
Nxb2 Rb1 49. a6 Ra1 50. Rb7+ Kg6 51. Nd3 Rxa6 52. Nf4+ Kf5 53. Rb5+ Ke4 54. Rxh5 Ra2 55. Nh3 Bg7 56. Rh4+ Kf5 57. Rf4+ Kg6 58. Rg4+ Kf5 59. Rxg7 1-0

[Event "*** Titled Tuesday Blitz"]
[Site "Chess.com"]
[Date "2021.03.30"]
[Round "11"]
[White "ural58"]
[Black "zacachess"]
[Result "1/2-1/2"]
[WhiteElo "2484"]
[BlackElo "2390"]
[TimeControl "180+1"]
[EndTime "12:09:30 PDT"]
[Termination "Game drawn - insufficient material"]

1. e4 c5 2. b3 Nc6 3. Bb2 e5 4. f4 d6 5. Qf3 Nf6 6. Bb5 Bd7 7.
Ne2 Nd4 8. Nxd4 cxd4 9. Bxd7+ Qxd7 10. c3 dxc3 11. Nxc3 Be7 12. O-O-O O-O-O 13. d4 exf4 14.
Qxf4 Qg4 15. Qxg4+ Nxg4 16. Nd5 Bg5+ 17. Kb1 Nf2 18.
h4 Bh6 19. Ne7+ Kb8 20. Nf5 Nxe4 21. Nxh6 gxh6 22. d5 Rhg8 23. Rhf1 Rdf8 24. Rf4 f5 25. Re1 Nd2+ 26. Kc1 Rxg2 27. Bc3 Rc8 28. Re3 Ne4 29. Rff3 Nxc3 30. Rxc3 Rxc3+ 31. Rxc3 Rh2 32. Rf3 Rxh4 33. Rxf5 Rh2 34. a4 Kc7 35. Rf7+ Kb6 36. Rd7 Kc5 37.
Rxb7 a6 38. Ra7 Kb6 39. Rxh7 h5 40. b4 h4 41. Rd7 h3 42. Rxd6+ Kb7 43. Rh6 Ra2 44.
Rxh3 Rxa4 45. Rh4 Kc7 46. Kc2 Ra3 47. Rd4 Kd6 48. Kb2 Rg3 49. Rd2 Rg5 50. Kb3 Rxd5 51.
Ra2 a5 52. bxa5 Kc7 53. Kc4 Rd8 54. a6 Kb8 55. a7+ Ka8 56. Rb2 Rd7 57. Ra2 Rxa7 58. Rxa7+ Kxa7 1/2-1/2

[Event "*** Titled Tuesday Blitz"]
[Site "Chess.com"]
[Date "2021.03.30"]
[Round "11"]
[White "Baron_von_Koenig"]
[Black "pavelalexandru07"]
[Result "1-0"]
[WhiteElo "2530"]
[BlackElo "2300"]
[TimeControl "180+1"]
[EndTime "12:09:30 PDT"]
[Termination "Baron_von_Koenig won by resignation"]

1. b3 d5 2. e3 c5 3. Bb2 a6 4.
f4 Nc6 5. Nf3 f6 6. g3 e6 7. Bg2 Bd6 8. O-O Nge7 9. d3 O-O 10.
e4 Bc7 11. Nbd2 d4 12. a4 Rb8 13. Ba3 Bb6 14. Qe2 Ba7 15. g4 b5 16. axb5 axb5 17. f5 Qc7 18. Kh1 Re8 19. Qf2 Qf4 20. Bc1 Qxg4 21.
Rg1 Qh5 22. fxe6 Bxe6 23. Nf1 Bb6 24. Ng3 Qf7 25. Nh4 Ne5 26. Ngf5 Bxf5 27. Nxf5 Nxf5 28. Qxf5 g6 29. Bh3 Kh8 30. Qf2 c4 31. bxc4 bxc4 32. Ra3 Bc5 33. Ra5 Bb4 34. Ra6 cxd3 35. Rxf6 Qb7 36.
Bg2 Ng4 37. Qxd4 Nxf6 38. Qxf6+ Qg7 39. Qxg7+ Kxg7 40. cxd3 Rbd8 41. Bb2+ Kg8 42. d4 Bd2 43. Rd1 Be3 44. d5 Bf4 45. Kg1 Be5 46. Bxe5 Rxe5 47.
Kf2 Kg7 48. Ke3 Kf6 49. Bf3 Ke7 50. Kd4 Kd6 51. Ra1 Rg5 52. Ra6+ Ke7 53. Ra7+ Kf8 54. Rxh7 Rg1 55. e5 Re1 56. e6 Rf1 57. e7+ Ke8 58.
exd8=Q+ Kxd8 59. Be4 Rd1+ 1-0

[Event "*** Titled Tuesday Blitz"]
[Site "Chess.com"]
[Date "2021.03.30"]
[Round "11"]
[White "Kostukov_Alex"]
[Black "dhaessel"]
[Result "0-1"]
[WhiteElo "2299"]
[BlackElo "2064"]
[TimeControl "180+1"]
[EndTime "12:09:31 PDT"]
[Termination "dhaessel won by resignation"]

1. g3 d5 2. Bg2 Nf6 3. d3 e5 4. e4 dxe4 5. dxe4 Qxd1+ 6. Kxd1 Ng4 7. Nh3 Bc5 8. f3 Ne3+ 9. Bxe3 Bxe3 10. Nd2 Nc6 11. Nc4 Bh6 12. c3 Be6 13. Bf1 O-O-O+ 14. Kc2 f5 15. f4 fxe4 16. Re1 Kb8 17. Ne3 Bxh3 18. Bxh3 exf4 19. gxf4 Bxf4 20. Nf5 Rd2+ 21. Kb3 g6 22. Rxe4 Bg5 23. Ng3 Na5+ 24. Ka4 b6 25. Rhe1 Rxb2 26. Re8+ Rxe8 27. Rxe8+ Kb7 28. Ne4 Rxa2+ 29.
Kb4 Rb2+ 30. Ka3 Bc1 31. Ka4 Ra2+ 32. Kb4 c5+ 33. Nxc5+ bxc5+ 34. Kxc5 Ba3+ 35. Kd5 Rd2+ 36. Ke6 Re2+ 37. Kf7 Rxe8 38. Kxe8 Nc6 39. Kf7 Bb2 40. c4 a5 41. Bg2 a4 42. c5 a3 43. Bd5 Bd4 44. Ke6 Bxc5 45. Kd7 Kb6 46. Ke6 Nb4 47. Bc4 a2 48. Bxa2 Nxa2 49. Kf7 h5 50. Kxg6 h4 51. Kg5 Bf2 52. Kf4 Be1 53. Kf3 Kc5 54. Ke2 Bc3 55. Kf3 Bf6 56. h3 Bd8 57. Kf4 Kd4 58.
Kg4 Nc3 59. Kf3 Nd5 60. Kg4 Ne3+ 61. Kf3 Nd5 62. Kg4 Nc7 63. Kf4 Nd5+ 64. Kf5 Ke3 65. Kg4 Nc3 66. Kf5 Ne4 67. Kg4 Nf2+ 68. Kf5 Nxh3 69. Kg4 Nf4 70. Kf5 h3 71. Ke5 h2 72.
Kd6 h1=Q 73. Kd7 0-1

[Event "*** Titled Tuesday Blitz"]
[Site "Chess.com"]
[Date "2021.03.30"]
[Round "11"]
[White "Das_Virus_2020"]
[Black "CzechmVIII"]
[Result "1/2-1/2"]
[WhiteElo "2423"]
[BlackElo "2221"]
[TimeControl "180+1"]
[EndTime "12:09:31 PDT"]
[Termination "Game drawn by repetition"]

1. e4 c5 2. c3 d5 3. exd5 Nf6 4.
d4 Nxd5 5. Nf3 cxd4 6. Nxd4 e6 7. Be2 Be7 8. O-O O-O 9. c4 Nf6 10. Nc3 Nc6 11. Nxc6 bxc6 12. Qxd8 Rxd8 13. Bf3 Bb7 14.
Be3 Nd7 15. Rfd1 Ne5 16. Be2 c5 17. Na4 Nd7 18. f3 Bc6 19. Nc3 f5 20. Rd2 Nb6 21. Rad1 Rxd2 22. Rxd2 Kf7 23. b3 Nd7 24. Nb5 a6 25.
Nd6+ Kg6 26. Nb7 Rc8 27. Na5 Ba8 28. Rxd7 Bf6 29. Kf2 Kh5 30. g3 g5 31. h3 Kg6 32.
Rd6 Kf7 33. Rxa6 e5 34. Ra7+ Kg6 35. Rd7 f4 36. gxf4 gxf4 37. Bd2 Rg8 38. Bc3 Kf5 39. Rd6 Rg3 40. Nc6 Rxh3 41. Nxe5 Rh2+ 42. Ke1 Bxe5 43. Bxe5 Kxe5 44. Rd7 Rh1+ 45. Kd2 Rh2 46. Kd3 Rh3 47. Re7+ Kf5 48. Rc7 Bxf3 49. Bxf3 Rxf3+ 50. Ke2 Rh3 51.
Rxc5+ Kg4 52. Rc8 Rh2+ 53. Kd3 Rxa2 54. b4 f3 55. b5 f2 56. Rf8 Kg3 57. b6 Rb2 58. c5 Kg2 59. Rxf2+ Kxf2 60. Kd4 h5 61.
Kd5 h4 62. c6 Rxb6 63. c7 Rb5+ 64. Kd4 Rb4+ 65. Kd5 Rb5+ 66. Kd6 Rb6+ 67. Kd5 Rb5+ 1/2-1/2

[Event "*** Titled Tuesday Blitz"]
[Site "Chess.com"]
[Date "2021.03.30"]
[Round "11"]
[White "Terao90"]
[Black "MarcoRiehle"]
[Result "1-0"]
[WhiteElo "2565"]
[BlackElo "2686"]
[TimeControl "180+1"]
[EndTime "12:09:33 PDT"]
[Termination "Terao90 won by checkmate"]

1. e4 e5 2. Nf3 Nf6 3. Nc3 Nc6 4. d4 exd4 5. Nxd4 Bb4 6. Nxc6 bxc6 7. Bd3 d5 8. exd5 O-O 9. O-O cxd5 10. Bg5 c6 11. Qf3 Re8 12. h3 h6 13. Bh4 Rb8 14. Na4 Bd6 15. b3 c5 16. Bxf6 Qxf6 17. Qxf6 gxf6 18. c4 d4 19. Rfe1 Re6 20. Nb2 Bd7 21. Kf1 a5 22. Rab1 Kg7 23. g4 Re5 24. Be4 Rbe8 25. Bd5 h5 26. f3 f5 27. gxh5 f4 28. Rxe5 Rxe5 29. Nd3 Re3 30. Nf2 d3 31. Rd1 Bf5 32. Be4 Bxe4 33. fxe4 Be5 34. Rxd3 Bd4 35. Rxe3 Bxe3 36. Ng4 Bd4 37. Ke2 Bb2 38. Kf3 Bc1 39. e5 Bd2 40.
Ke4 Bc1 41. Kf5 Bd2 42. Ke4 Bc1 43. Nf2 Bd2 44. Nd3 Kh6 45. Nxf4 Kg5 46. h6 Kxh6 47. e6 fxe6 48. Nxe6 Bb4 49. Kd5 Kg6 50. Nxc5 Kf7 51. Nd3 Bd2 52. a3 Ke7 53. b4 a4 54. c5 Kd7 55. b5 Kc7 56. h4 Bh6 57. h5 Bf8 58. Kc4 Bh6 59. Kb4 Kd7 60. Kxa4 Ke6 61. Kb4 Kd5 62.
a4 Bd2+ 63. Kb3 Kd4 64. c6 Ba5 65. h6 Kxd3 66. h7 Kd4 67. h8=Q+ Kc5 68. Qe5+ Kb6 69. c7 Kb7 70. c8=Q+ Kxc8 71. Qe6+ Kb8 72. Qc6 Bc7 73. b6 Be5 74. a5 Bd6 75. a6 Bc7 76. a7+ Kc8 77. b7+ Kd8 78. b8=Q+ Ke7 79. Qbxc7+ Kf8 80. Qa8# 1-0

[Event "*** Titled Tuesday Blitz"]
[Site "Chess.com"]
[Date "2021.03.30"]
[Round "11"]
[White "PavelChernomordik"]
[Black "Djager97"]
[Result "0-1"]
[WhiteElo "2382"]
[BlackElo "2492"]
[TimeControl "180+1"]
[EndTime "12:09:33 PDT"]
[Termination "Djager97 won on time"]

1. e4 e5 2. Nf3 Nc6 3. Bb5 a6 4. Ba4 Nf6 5. Qe2 b5 6. Bb3 Bc5 7. a4 Rb8 8. axb5 axb5 9. d3 d6 10. Bg5 h6 11. Bh4 Bg4 12. c3 g5 13. Bg3 O-O 14. h3 Bh5 15. Nbd2 Kg7 16. O-O Bg6 17. Ra6 Bb6 18. Kh1 Nh5 19. Bh2 Nf4 20. Bxf4 gxf4 21. Bd5 Ne7 22. d4 f6 23. Be6 Qe8 24. Nb3 Nc6 25.
Bd5 Kh7 26. Nh4 Bh5 27. Qd3 Ne7 28. Be6 Ng6 29. Bf5 Kg7 30. Bxg6 Bxg6 31. d5 Bh7 32. Nd2 Qh5 33. Ndf3 Kh8 34. Kh2 f5 35. exf5 Rxf5 36. Nxf5 Bxf5 37. Qxb5 Rg8 38. Qe2 e4 39. Nd4 f3 40.
Nxf3 exf3 41. Qxf3 Qxf3 42. gxf3 Bd3 43. Rxb6 cxb6 44.
Re1 Bc4 45. Re6 Bxd5 46. Rxh6+ Kg7 47. Rxd6 Bxf3 48. Rxb6 Kf7 49. Rb4 Rg2+ 50. Kh1 Rxf2+ 51. Kg1 Rg2+ 52. Kf1 Ke6 53. Rf4 Bc6 54. Rf2 Rg3 55.
Ke2 Rxh3 56. Kd2 Kd5 0-1

[Event "*** Titled Tuesday Blitz"]
[Site "Chess.com"]
[Date "2021.03.30"]
[Round "11"]
[White "c63_amg"]
[Black "Keks2017"]
[Result "1-0"]
[WhiteElo "2700"]
[BlackElo "2488"]
[TimeControl "180+1"]
[EndTime "12:09:34 PDT"]
[Termination "c63_amg won by resignation"]

1. e4 d6 2. d4 Nf6 3. Nc3 g6 4. f4 Bg7 5. Nf3 c5 6. Bb5+ Bd7 7. e5 Ng4 8. Bxd7+ Qxd7 9. d5 dxe5 10. h3 e4 11. Nxe4 Nf6 12. Nxf6+ Bxf6 13. O-O Qd6 14. Be3 Nd7 15. c4 O-O 16. Nd2 Bg7 17. Ne4 Qc7 18.
Qd2 b6 19. f5 Qe5 20. Nc3 gxf5 21. Rae1 Nf6 22. Bxc5 Ne4 23. Nxe4 bxc5 24. Nf2 Qxb2 25.
Qxb2 Bxb2 26. Rxe7 Bd4 27. Kh1 Rfe8 28. Rxe8+ Rxe8 29. Nd3 Re3 30. Nf4 Kf8 31. Nh5 Rc3 32. Re1 Rxc4 33.
d6 Rb4 34. d7 Rb8 35. Ng3 Bf2 36. Rd1 Rd8 37. Nxf5 c4 38. Rc1 Rxd7 39. Rxc4 Bb6 40. Rc8+ Rd8 41. Rxd8+ Bxd8 42. g4 Ke8 43. Kg2 Kd7 44.
Kf3 Kc6 45. Ke4 Bg5 46. h4 Bd2 47. h5 a5 48. Ke5 Bc3+ 49. Ke4 Bd2 50. Nd4+ Kd6 51.
Nf3 Bc1 52. Kf5 a4 53. Ne5 Kc5 54. Nd3+ Kd4 55. Nxc1 Kc3 56. Kf6 Kb2 57. Kxf7 Kxc1 58. g5 Kb2 59. g6 hxg6 60. hxg6 Kxa2 61. g7 a3 62. g8=Q Kb2 63. Qb8+ Kc2 64. Qc7+ Kb2 65. Qb6+ Kc2 66. Qc5+ Kb2 67. Qb4+ Ka2 68. Ke6 1-0

[Event "*** Titled Tuesday Blitz"]
[Site "Chess.com"]
[Date "2021.03.30"]
[Round "11"]
[White "Duhless"]
[Black "Eltaj_Safarli"]
[Result "0-1"]
[WhiteElo "3032"]
[BlackElo "2903"]
[TimeControl "180+1"]
[EndTime "12:09:35 PDT"]
[Termination "Eltaj_Safarli won on time"]

1. e4 e5 2. Nf3 Nc6 3. Bc4 Bc5 4. c3 Nf6 5. d3 O-O 6. h3 d5 7. exd5 Nxd5 8. O-O Bf5 9. Re1 Nb6 10.
Bb5 Bd6 11. Nbd2 Re8 12. Ne4 a6 13. Bxc6 bxc6 14. c4 Nd7 15. b3 Bxe4 16. dxe4 Bc5 17. Be3 Qe7 18. Qc2 a5 19. Rad1 Bxe3 20. Rxe3 Nc5 21. Ree1 Rad8 22. Qc3 Ra8 23. g3 f6 24. Nh4 g6 25. Nf3 Ne6 26. Kg2 c5 27. h4 Nd4 28. h5 Qe6 29. Rh1 Rad8 30. Qe3 g5 31.
Qc3 Ra8 32. h6 Red8 33. Qe3 Qe7 34. Nh2 a4 35. Ng4 Rdb8 36. Rd3 axb3 37. axb3 Ra3 38.
Rhd1 Rbxb3 39. Rxb3 Rxb3 40. Rd3 Rb4 41. Ra3 Rb8 42.
Ra6 c6 43. Qa3 Kf7 44. Ra7 Rb7 45. Ra8 Qe6 46. Qxc5 Qxg4 47. Qf8+ Kg6 48. Qg8+ Kxh6 49. Qf8+ Kg6 50. Qe8+ Rf7 51. Ra7 Qxe4+ 52. Kg1 Nf3+ 53. Kf1 Nd2+ 54. Kg1 Qe1+ 0-1

[Event "*** Titled Tuesday Blitz"]
[Site "Chess.com"]
[Date "2021.03.30"]
[Round "11"]
[White "Maddie"]
[Black "grandcoach"]
[Result "1/2-1/2"]
[WhiteElo "2081"]
[BlackElo "2246"]
[TimeControl "180+1"]
[EndTime "12:09:40 PDT"]
[Termination "Game drawn by repetition"]

1. d4 Nf6 2. e3 d5 3. Bd3 g6 4. f4 Bg7 5. Nf3 c5 6. c3 O-O 7.
O-O Nc6 8. Nbd2 Bf5 9. Bxf5 gxf5 10. Ne5 e6 11. Rf3 Ne4 12. Rh3 Nxe5 13. fxe5 Ng5 14.
Rg3 Kh8 15. Qh5 f6 16. exf6 Bxf6 17. Nf3 Ne4 18. Rh3 Qe7 19. Nh4 Bxh4 20. Rxh4 Rg8 21.
Rh3 Rg5 22. Qh4 Rag8 23. g3 Qc7 24. Qf4 Qg7 25. Kg2 Rg4 26. Qh6 Qxh6 27. Rxh6 R8g6 28. Rxg6 Rxg6 29. dxc5 Nxc5 30. Bd2 Ne4 31. Rd1 Rg7 32. c4 dxc4 33. Bb4 Rc7 34. a3 b6 35. Kf3 a5 36.
Be1 Kg7 37. Bc3+ Nxc3 38. bxc3 Kf6 39. a4 Ke5 40. Rd4 Rc5 41. h3 h5 42. g4 fxg4+ 43. hxg4 h4 44. g5 Kf5 45. g6 Kxg6 46. Rxh4 Rf5+ 47.
Ke4 Rf2 48. Kd4 Ra2 49. Re4 Rxa4 50. Rxe6+ Kf5 51. Rxb6 Ra3 52. e4+ Kf4 53. e5 Kf5 54. e6 Kf6 55. Kxc4 Ke7 56. Ra6 Ra1 57. Kb5 Rc1 58. c4 Rc2 59. c5 Rb2+ 60. Kxa5 Ra2+ 61. Kb5 Rb2+ 62. Kc4 Rc2+ 63. Kb5 Rb2+ 64. Kc4 Rc2+ 65. Kb5 Rb2+ 1/2-1/2

[Event "*** Titled Tuesday Blitz"]
[Site "Chess.com"]
[Date "2021.03.30"]
[Round "11"]
[White "dpopadic"]
[Black "gaby_przz"]
[Result "1-0"]
[WhiteElo "2309"]
[BlackElo "2437"]
[TimeControl "180+1"]
[EndTime "12:09:42 PDT"]
[Termination "dpopadic won on time"]

1. e4 c5 2. Nc3 Nc6 3. f4 e6 4. Nf3 a6 5. Be2 Qc7 6. d3 d6 7.
O-O Nf6 8. Qe1 Be7 9. Bd2 O-O 10. Kh1 b5 11. Bd1 Bb7 12. Qg3 Kh8 13. Qh3 Nd4 14. Ng5 h6 15. f5 Kg8 16. Nf3 exf5 17. exf5 Bxf3 18. Bxf3 Nxc2 19. Rac1 Nd4 20. Bxa8 Rxa8 21. Ne4 Qb7 22. Nxf6+ Bxf6 23. b3 Qd5 24. Qg4 Re8 25.
Bxh6 Kf8 26. Bg5 Bxg5 27. Qxg5 f6 28. Qg4 Re2 29. Rce1 Rxe1 30. Rxe1 Qxf5 31. Qg3 Qd7 32. Qh4 Kg8 33. Qh5 Kf8 34. Qh8+ Kf7 35. Qa8 Qc6 36.
Qd8 Kg6 37. Qe7 Qd5 38. Qe8+ Qf7 39. Qe4+ f5 40. Qf4 Qf6 41. h3 Kf7 42. Re3 g5 43. Qf2 f4 44. Re4 Nf5 45. Kh2 Ng3 46.
Re1 Nf5 47. Qf3 Ng3 48. Qd5+ Kg7 49. Qb7+ Kg6 50. Qc8 Qf5 51. Qg8+ Kh5 52. Qh8+ Kg6 53. Qg8+ Kh5 54. Qe8+ Qg6 55. Qh8+ Qh6 56. Qc8 Qg6 57.
Qg4+ Kh6 58. Re6 Nf1+ 59. Kg1 Ne3 60. Rxg6+ Kxg6 61. Qe6+ 1-0

[Event "*** Titled Tuesday Blitz"]
[Site "Chess.com"]
[Date "2021.03.30"]
[Round "11"]
[White "esapunov"]
[Black "bazar-wokzal"]
[Result "1/2-1/2"]
[WhiteElo "2723"]
[BlackElo "2575"]
[TimeControl "180+1"]
[EndTime "12:09:43 PDT"]
[Termination "Game drawn by repetition"]

1. c4 f5 2. Nf3 Nf6 3. Nc3 d6 4. d4 g6 5. h3 Bg7 6. Bf4 O-O 7. e3 Qe8 8. Be2 Nc6 9. Bh2 e5 10. O-O e4 11. Nd2 a6 12. a3 Ne7 13. b4 Be6 14. c5 d5 15. Bxc7 g5 16. f4 g4 17.
Bd6 Kh8 18. a4 Rf7 19. g3 gxh3 20. b5 Ng4 21. Bxg4 fxg4 22. Bxe7 Qxe7 23. f5 Rxf5 24.
Rxf5 Bxf5 25. Nxd5 Qg5 26. Nf4 h5 27. b6 h4 28. Qe1 Rd8 29. Nc4 hxg3 30. Qxg3 Rxd4 31. exd4 Bxd4+ 32. Kh2 Bxa1 33. c6 bxc6 34. b7 Qd8 35. Ne6 Bxe6 36. b8=Q Qxb8 37. Qxb8+ Kg7 38. Qc7+ Kf6 39.
Qxc6 e3 40. Kg3 e2 41. Kf2 g3+ 42. Kxe2 g2 43. Qf3+ Ke7 44. Qb7+ Kf6 45. Qf3+ Ke7 46. Qe3 h2 47. Qg5+ Kf8 48. Qxg2 Bxc4+ 49. Ke3 Be5 50.
Ke4 Bd6 51. Kf5 Ke7 52. Qg7+ Kd8 53. Qh8+ Kc7 54. Ke4 Kc6 55. Kd4 Be6 56. Qa8+ Kd7 57. a5 Bc7 58. Qb7 Kd8 59. Kc5 Bd7 60. Qd5 Kc8 61. Qg8+ Kb7 62. Qg2+ Kc8 63. Qg8+ Kb7 64. Qg2+ Kb8 65. Qg8+ Kb7 1/2-1/2

[Event "*** Titled Tuesday Blitz"]
[Site "Chess.com"]
[Date "2021.03.30"]
[Round "11"]
[White "Smirnov_Pavel"]
[Black "DeTimmerman"]
[Result "1-0"]
[WhiteElo "2898"]
[BlackElo "2753"]
[TimeControl "180+1"]
[EndTime "12:09:44 PDT"]
[Termination "Smirnov_Pavel won by resignation"]

1. d4 Nf6 2. c4 e6 3. Nf3 d5 4.
Nc3 dxc4 5. e3 a6 6. Bxc4 c5 7. O-O Nc6 8. a3 cxd4 9. exd4 Be7 10. d5 exd5 11. Nxd5 Nxd5 12. Bxd5 O-O 13. Bf4 Qb6 14. b4 Bg4 15. h3 Bh5 16. Qb3 a5 17. b5 a4 18. Qc4 Bxf3 19. Bxf3 Nd4 20. Be4 Rfc8 21.
Qd3 h6 22. Rfd1 Bf6 23. Be3 Rd8 24. Rab1 Qc7 25. b6 Qe7 26. Bh7+ Kh8 27. Qe4 Ne6 28. Rxd8+ Rxd8 29. Bf5 Qxa3 30. Bxe6 fxe6 31. Qxb7 Qd3 32. Rf1 a3 33. Qa7 a2 34. Qxa2 Qb5 35.
Qxe6 Bd4 36. Bxd4 Rxd4 37. Re1 Rb4 38. Qe8+ Qxe8 39. Rxe8+ Kh7 40. Re6 Rb1+ 41. Kh2 Rb2 42. Kg3 Kg8 43. f4 Kf7 44. Rc6 Ke7 45. Rc7+ Kf6 46.
b7 h5 47. Kh4 g6 48. g4 hxg4 49. hxg4 Rb3 50. Rc6+ Kg7 51. Rc7+ Kf6 52. Rd7 Ke6 53.
Rh7 Kf6 54. g5+ Ke6 55. Rg7 Kf5 56. Rf7+ Ke4 57. Kg4 Rb4 58. Rf6 Rb3 59. Re6+ Kd5 60. Rxg6 Rxb7 61. f5 Rb4+ 62. Kh5 Ke5 63. Rf6 Rb1 64. Rf7 Rf1 65. Kg6 Kd6 66. f6 Ke6 67. Rf8 Rg1 68. f7 Ke7 69. Re8+ Kd7 70. f8=Q 1-0

[Event "*** Titled Tuesday Blitz"]
[Site "Chess.com"]
[Date "2021.03.30"]
[Round "11"]
[White "ChelsieMonica"]
[Black "Isajevsky_Anton"]
[Result "0-1"]
[WhiteElo "2411"]
[BlackElo "2547"]
[TimeControl "180+1"]
[EndTime "12:09:44 PDT"]
[Termination "Isajevsky_Anton won by checkmate"]

1. e4 c5 2. Ke2 Nf6 3. Nc3 Nc6 4. Nf3 d5 5. exd5 Nd4+ 6. Ke1 Nxd5 7. Bc4 Nb6 8. Be2 e6 9. d3 Be7 10. h4 Bd7 11. h5 h6 12. Ne5 Nc6 13. Nxd7 Qxd7 14. Be3 Nd4 15. Bf3 Rc8 16. a4 O-O 17. a5 Nxf3+ 18. Qxf3 Nd5 19. Nxd5 exd5 20. Kf1 Bf6 21.
Rb1 Rc6 22. Rh3 Re8 23. Rg3 Kh7 24. Kg1 Re5 25. c3 d4 26. cxd4 cxd4 27. Bd2 Qd5 28.
Qxd5 Rxd5 29. Rh3 Rc2 30. Be1 Re5 31. b4 Ree2 32. Kf1 Bg5 33. Rf3 Kg8 34. g3 Bf6 35. Rf4 Kf8 36. b5 Ke8 37. a6 b6 38. Rd1 Kd7 39. Kg2 Ke6 40. Re4+ Rxe4 41. dxe4 Rb2 42.
Kf1 Rxb5 43. f4 Rb3 44. e5 Be7 45. Rxd4 Ra3 46. g4 g6 47. hxg6 fxg6 48. Re4 Rxa6 49. Re2 Ra3 50. Rf2 a5 51. Bd2 Bc5 52. f5+ gxf5 53.
gxf5+ Kxe5 54. Rf4 Ra2 55. f6 Rxd2 56. Rf3 Rd8 57.
f7 Rf8 58. Ke2 Ke6 59. Rh3 Rxf7 60. Rh5 Rf6 61. Kd3 Kd6 62. Kc4 Kc6 63. Re5 b5+ 64.
Kd3 Rd6+ 65. Kc2 a4 66. Rh5 Kb6 67. Kc3 b4+ 68. Kc4 Rd4# 0-1

[Event "*** Titled Tuesday Blitz"]
[Site "Chess.com"]
[Date "2021.03.30"]
[Round "11"]
[White "HouseOfDurin"]
[Black "ARMQUEEN"]
[Result "1/2-1/2"]
[WhiteElo "2171"]
[BlackElo "2314"]
[TimeControl "180+1"]
[EndTime "12:09:48 PDT"]
[Termination "Game drawn by agreement"]

1. d4 Nf6 2. Bg5 d5 3. Bxf6 exf6 4. e3 Bd6 5. c4 dxc4 6. Bxc4 c6 7. Nc3 O-O 8. Nge2 Nd7 9. O-O f5 10. g3 Nf6 11. a3 g6 12. b4 Kg7 13. Qb3 h5 14. h4 Ng4 15. Nf4 Qe7 16. d5 Bd7 17. Rfe1 Ne5 18.
Be2 Rac8 19. Rad1 c5 20. bxc5 Rxc5 21. Nd3 Rcc8 22. Nxe5 Bxe5 23. Nb5 a6 24. d6 Qf6 25. Nd4 b5 26. Qd3 Rc5 27. Nf3 Bc3 28. Rf1 Rfc8 29. Rc1 Bb2 30. Rxc5 Rxc5 31. Rd1 Rc3 32. Qd2 Bxa3 33.
Nd4 Rc8 34. Qa5 Bxd6 35. Qxa6 b4 36. Nxf5+ Qxf5 37. Qxd6 Ba4 38. Rd4 Rc1+ 39. Kg2 Bc6+ 40. f3 Qc2 41. Rd2 Qc3 42. Qd4+ Qxd4 43. exd4 b3 44. d5 Bxd5 45. Rxd5 b2 46. Bd3 Rd1 47. Rb5 Rd2+ 48. Kh3 Rxd3 49. Rxb2 Rxf3 50. Rb6 Rf2 51. Rc6 f6 52. Rc7+ Kh6 53. Rc6 Kg7 54. Rc7+ Kf8 55.
Rb7 g5 56. hxg5 fxg5 57. Rh7 g4+ 58. Kh4 Rh2+ 59. Kg5 Rh3 60. Rxh5 Rxg3 61. Rh4 Rd3 62. Rxg4 Kf7 63. Kh4 Kf6 64. Rg8 Rd4+ 65. Kg3 Rd3+ 66. Kf2 Kf7 67. Rg4 Kf6 68. Rb4 Rd2+ 1/2-1/2

[Event "*** Titled Tuesday Blitz"]
[Site "Chess.com"]
[Date "2021.03.30"]
[Round "11"]
[White "kekic76"]
[Black "Andrii_Prydun"]
[Result "1/2-1/2"]
[WhiteElo "2373"]
[BlackElo "2273"]
[TimeControl "180+1"]
[EndTime "12:09:49 PDT"]
[Termination "Game drawn by repetition"]

1. e4 d5 2. exd5 Qxd5 3. Nc3 Qd6 4. g3 Nc6 5. Bg2 e5 6. Nge2 Bg4 7. O-O O-O-O 8. d3 h5 9. h3 Be6 10. Ne4 Qd7 11.
Ng5 h4 12. Nxe6 Qxe6 13. Nc3 Bc5 14. Ne4 Bb6 15. g4 f6 16. Be3 g5 17. Qf3 Rh6 18.
b4 Nge7 19. b5 Nb4 20. Nxg5 fxg5 21. Qxb7+ Kd7 22. Bxg5 Rh7 23. Be4 Rf7 24. a3 Nbd5 25.
c4 Nf4 26. Bxe7 Kxe7 27. c5 Nxh3+ 28. Kh2 Nxf2 29. cxb6 Nxg4+ 30. Kh1 Qxb6 31. Rxf7+ Kxf7 32. Rf1+ Ke7 33. Qxb6 axb6 34. Rf5 Rf8 35. Rh5 Nf2+ 36. Kg2 Nxe4 37. Rxe5+ Kd6 38. Rxe4 Rh8 39. Rc4 Rh5 40. a4 Rd5 41. d4 Rf5 42. Kh3 Rf4 43. Rc6+ Kd7 44.
Rc4 Re4 45. Rb4 Kd6 46. Rc4 Kd7 47. Rb4 Ke7 48. Rc4 Kd8 49. Rb4 Rf4 50. Rc4 Kc8 51.
Rb4 Kd7 52. Rc4 Kd8 53. Rb4 Re4 54. Rc4 Kc8 55. Rb4 Kb7 56. Rc4 Rf4 57. Rb4 Kb8 58.
Rc4 Kb7 59. Rb4 Kc8 60. Rc4 Kd7 61. Rb4 Re4 62. Rc4 Kd6 63. Rc6+ Kd7 64. Rc4 Rf4 65. Rb4 Ke7 66. Rc4 Kd8 67. Rb4 Re4 68. Rc4 Kd7 1/2-1/2